 Dungeon Crawl Stone Soup version 0.31-a0-1134-gb247575874 (webtiles) character file.

Game seed: 13986573628082217028

66 kae the Sneak (level 3, 0/21 (26) HPs)
             Began as a Demonspawn Enchanter on Dec 5, 2023.
             Slain by an orc wizard
             ... wielding a +2 dagger of draining
              (3 damage)
             ... on level 2 of the Dungeon.
             The game lasted 00:01:04 (1674 turns).

kae the Sneak (Demonspawn Enchanter)                Turns: 1674, Time: 00:01:05

HP:   0/21 (26)     AC:  2    Str: 12    XL:     3   Next: 96%
MP:   5/6           EV: 12    Int: 14    God:
Gold: 69            SH:  0    Dex: 20    Spells: 4/6 levels left

rFire   . . .        a - +1 dagger
rCold   . . .        (no shield)
rNeg    . . .        b - +0 robe
rPois   .            (helmet restricted)
rElec   .            (no cloak)
rCorr   .            (no gloves)
SInv    .            (no boots)
Will    .....        s - amulet of reflection
Stlth   +            D - +6 ring of dexterity
HPRegen 0.23/turn    (no ring)
MPRegen 0.10/turn

%: reflection
@: confused, heavily drained
A: hooves 1, horns 1, strong 1
a: no special abilities


You were on level 2 of the Dungeon.
You visited 1 branch of the dungeon, and saw 3 of its levels.

You collected 69 gold pieces.


Innate Abilities, Weirdness & Mutations

You have large cloven feet.
You have a pair of small horns on your head.
Your muscles are strong. (Str +4, Int/Dex -1)


   Skills:
 + Level 1.1 Fighting
 * Level 1.6 Short Blades
 - Level 1.7 Dodging
 * Level 3.3 Stealth
 + Level 2.2 Spellcasting
 + Level 3.2 Hexes
 * Level 1.0 Ice Magic


You had 4 spell levels left.
You knew the following spells:

 Your Spells              Type           Power      Damage    Failure   Level
a - Ensorcelled Hibernat  Hex/Ice        14%        N/A       14%         2

Your spell library contained the following spells:

 Spells                   Type           Power      Damage    Failure   Level
 Freeze                   Ice            16%        1d4       16%         1
 Confusing Touch          Hex            10%        N/A       19%         3
 Tukima's Dance           Hex            10%        N/A       19%         3
 Dazzling Flash           Conj/Hex       12%        N/A       34%         3
 Frozen Ramparts          Ice            8%         1d2       43%         3
 Hailstorm                Conj/Ice       2%         3d5       50%         3

Inventory:

Hand Weapons
 a - a +1 dagger (weapon)
Missiles
 i - 5 stones
 k - 3 datura-tipped darts
 q - a throwing net {=f!f}
 r - 6 javelins
Armour
 b - a +0 robe (worn)
Jewellery
 s - an amulet of reflection (around neck)
   (You found it on level 2 of the Dungeon)
 D - a +6 ring of dexterity (left hand)
   (You found it on level 1 of the Dungeon)
Scrolls
 d - a scroll of immolation {unknown}
 l - a scroll of amnesia {unknown}
 n - 2 scrolls of butterflies {unknown}
 o - a scroll of poison {unknown}
Potions
 c - 2 potions of invisibility
 e - 2 potions of berserk rage {unknown}
 f - 2 potions of haste {unknown}
 h - a potion of degeneration {unknown}
 j - a potion of lignification {unknown}
 m - a potion of curing {unknown}
 p - a potion of brilliance {unknown}

Dungeon Overview and Level Annotations

Branches:
Dungeon (3/15) Zot: 16332

Altars:
Okawaru

#.......##...#.......#.#######
#.....####...#####.....# ###
#.....# ##............# #..
#.....# #............#######.#
#.....# ##................##.#
#.....# #...#.#####..###.##.#
#.....# ###.#.# #....#.##..
####### ##...######.#.#.####
############.{@....###.#.#....#
#...........#####'##...........
#...........# #.......##......
#...........# #.......##......
#...........# #.......##......
#....####''#####.......##.>....
#....#......).##.......##......
#....#....†...#######'###......
#....#..#.##..#.# #.........#


There were no monsters in sight!


Message History

No target in view!
Done exploring.
Done exploring.
There is an open door here.
There is an open door here.
There is a stone staircase leading down here.
You climb downwards.
There is a stone staircase leading up here.
There are monsters nearby!
Okay, then.
You start putting on your amulet.
You continue putting on your amulet of reflection. x4
The goblin shouts!
You hear a shout!
You continue putting on your amulet of reflection.
You finish putting on your amulet of reflection.
You feel a shielding aura gather around you.
s - an amulet of reflection (around neck)
You hit the goblin. The goblin completely misses you.
You completely miss the goblin. You hit the goblin.
You kill the goblin!
Your Ice Magic skill increases to level 1!
No target in view!
No target in view!
No target in view!
Found a stone staircase leading down.
No target in view!
No target in view!
An orc comes into view. It is wielding a +0 whip.
There is a stone staircase leading up here.
An orc wizard comes into view. It is wielding a +2 dagger of draining.
You see here a +0 dagger.
There are monsters nearby!
You strike the helpless orc from behind!
You impale the orc!!
You kill the orc!
An orc wizard is nearby!
The orc wizard hits you but does no damage.
You feel drained. 😎 HP[-1]
You now have 25 max hp (-1).
Casting: Ensorcelled Hibernation (safe; 14% risk of failure)
Confirm with . or Enter, or press ? or * to list all spells.
Aiming: Ensorcelled Hibernation (safe; 14% risk of failure)
Press: ? - help, Shift-Dir - straight line, f - orc wizard
Aim: an orc wizard, wielding a +2 dagger of draining and wearing a +0 robe (chance to affect: 41%)
The orc wizard resists with some effort.
The orc wizard mumbles some strange words.
The orc wizard flickers and vanishes!
Deactivating autopickup; reactivate with Ctrl-A.
An orc priest comes into view. It is wielding a +0 dagger. 😎 MP[-2]
You lost 2 mp, and now have 4/6 mp.
Unknown command.
Something hits you.
You feel drained. 😕 HP[-4]
You now have 24 max hp (-1).
You take 4 damage, and now have 21/24 hp.
The orc priest casts a cantrip, but nothing happens. 😕 HP[+1]
Something hits you.
You feel drained.
You see here a +0 dagger. 😕 HP[-4]
You now have 23 max hp (-1).
You take 4 damage, and now have 18/23 hp.
There is a stone staircase leading up here.
Unknown command.
Something hits you.
You feel drained.
You climb upwards.
Reactivating autopickup.
There is a stone staircase leading down here. 😮 HP[-5]
You now have 22 max hp (-1).
You take 5 damage, and now have 13/22 hp.
MASSIVE DAMAGE!! (PAUSE) Deactivating autopickup; reactivate with Ctrl-A.
You hit something but do no damage. Your kick misses something.
You hear some strange, mumbled words.
You are confused.
You hear some strange, mumbled words.
A puff of flame appears from out of thin air!
The puff of flame hits you!
* * * LOW HITPOINT WARNING * * *
😱 HP[-8] MP[+1]
You take 8 damage, and now have 5/22 hp.
MASSIVE DAMAGE!! (PAUSE)
Something hits you.
* * * LOW HITPOINT WARNING * * *
You feel drained.
There is a stone staircase leading down here. 😱 HP[-3]
You now have 21 max hp (-1).
You take 3 damage, and now have 2/21 hp.
It was a potion of mutation.
You feel extremely strange.
You feel stronger. Something hits you.
You die...

Skill      XL: |  1  2  3 |
---------------+----------+-----
Short Blades   | 1 |  1.6
Stealth        | 3 |  3.3
Fighting       | 1 |  1.1
Ice Magic      | 1 |  1.0
Dodging        | |  1.7
Spellcasting   | |  2.2
Hexes          | |  3.2

Action                     || total
---------------------------++-------
  Melee: Dagger            ||   120
         Kick              ||    28
         Headbutt          ||     3
   Cast: Ensorcelled Hiber ||     3
    Use: Potion            ||     1
   Stab: Sleeping          ||    12
         Distracted        ||     1
 Armour: Robe              ||    38
  Dodge: Dodged            ||    52

Levels and vault maps discovered:
D:1:      psy_arrival_heroes, layout_basic, minmay_tetromino_s2
D:2:      layout_basic, basic_altar, kennysheep_generic_room_4
D:3:      layout_basic, zin_statuary

Notes
Turn   | Place    | Note
-------+----------+-------------------------------------------
     0 | D:1      | kae the Demonspawn Enchanter began the quest for the Orb.
     0 | D:1      | Reached XP level 1. HP: 13/13 MP: 3/3
     0 | D:1      | magus.rc [v1.11.3]
    45 | D:1      | Reached skill level 1 in Short Blades
   126 | D:1      | You feel monstrous as your demonic heritage exerts itself.
   126 | D:1      | Discovered your monstrous ancestry.
   126 | D:1      | Gained mutation: You have large cloven feet. [demonic
                  | ancestry]
   126 | D:1      | Reached XP level 2. HP: 7/20 MP: 5/5
   131 | D:1      | HP: 5/20 [hobgoblin (3)]
   185 | D:1      | Learned a level 2 spell: Ensorcelled Hibernation
   244 | D:1      | Reached skill level 3 in Stealth
   351 | D:1      | You pick up a book of Frost and begin reading...
   351 | D:1      | You add the spells Freeze, Frozen Ramparts and Hailstorm to
                  | your library.
   576 | D:1      | Gained mutation: You have a pair of small horns on your
                  | head. [demonic ancestry]
   576 | D:1      | Reached XP level 3. HP: 25/25 MP: 6/6
   907 | D:2      | Found an iron altar of Okawaru.
  1056 | D:2      | Reached skill level 1 in Fighting
  1282 | D:2      | Identified the +2 robe of Elitism {Str+3 Int+2 Slay+4}
  1656 | D:3      | Reached skill level 1 in Ice Magic
  1672 | D:2      | HP: 5/22 [something/puff of flame (8)]
  1673 | D:2      | HP: 2/22 [something (3)]
  1674 | D:2      | Gained mutation: Your muscles are strong. (Str +4, Int/Dex
                  | -1) [potion of mutation]
  1674 | D:2      | Slain by an orc wizard

Vanquished Creatures
  A worm (D:2)
  2 dart slugs (D:2)
  An orc (D:3)
  6 endoplasms
  3 giant cockroaches
  9 hobgoblins
  4 kobolds
  2 quokkas
  8 ball pythons
  2 bats (D:2)
  A frilled lizard (D:1)
  8 goblins
  4 rats (D:1)
51 creatures vanquished.

Table legend:
 A = Non-vault XP
 B = Vault XP
 C = Vault XP percentage of total XP
 D = Non-vault monster count
 E = Vault monster count
 F = Vault count percentage of total count
                 A         B        C        D         E       F
            +---------+---------+-------+---------+---------+-------
      Total |      89 |       6 |   6.3 |      48 |       3 |   5.9
            +---------+---------+-------+---------+---------+-------
        D:1 |      46 |       4 |   8.0 |      28 |       2 |   6.7
        D:2 |      38 |       2 |   5.0 |      18 |       1 |   5.3
        D:3 |       5 |       0 |   0.0 |       2 |       0 |   0.0
            +---------+---------+-------+---------+---------+-------

Skill      XL: |  1  2  3 |
---------------+----------+-----
Short Blades   | 1 |  1.6
Stealth        | 3 |  3.3
Fighting       | 1 |  1.1
Ice Magic      | 1 |  1.0
Dodging        | |  1.7
Spellcasting   | |  2.2
Hexes          | |  3.2

Action                     || total
---------------------------++-------
  Melee: Dagger            ||   120
         Kick              ||    28
         Headbutt          ||     3
   Cast: Ensorcelled Hiber ||     3
    Use: Potion            ||     1
   Stab: Sleeping          ||    12
         Distracted        ||     1
 Armour: Robe              ||    38
  Dodge: Dodged            ||    52

Illustrated notes

Table legend:
 A = Kills in this place as a percentage of kills in the entire game.
 B = Kills by you in this place as a percentage of kills by you in the entire game.
 C = Kills by friends in this place as a percentage of kills by friends in the entire game.
 D = Other kills in this place as a percentage of other kills in the entire game.
 E = Experience gained in this place as a percentage of experience gained in the entire game.
 F = Experience gained in this place divided by the number of levels of this place that you have seen.
                   A       B       C       D       E      F
               +-------+-------+-------+-------+-------+----------------------
         Total | 100.0 | 100.0 |   N/A |   N/A | 100.0 |  31.7
       Dungeon | 100.0 | 100.0 |   N/A |   N/A | 100.0 |  31.7
               +-------+-------+-------+-------+-------+----------------------

Table legend: (Time is in decaauts)
 A = Elapsed time spent in this place.
 B = Non-inter-level travel time spent in this place.
 C = Inter-level travel time spent in this place.
 D = Time resting spent in this place.
 E = Time spent auto-exploring this place.
 F = Levels seen in this place.
 G = Mean time per level.
                   A        B        C        D        E       F      G
               +--------+--------+--------+--------+--------+-----+--------+
         Total |   1666 |   1582 |     84 |     56 |   1207 |   3 |  555.3 |
       Dungeon |   1666 |   1582 |     84 |     56 |   1207 |   3 |  555.3 |
               +--------+--------+--------+--------+--------+-----+--------+

Top non-repeatable levels by time:
     D:1: 891 daAuts
     D:2: 751 daAuts
     D:3: 23 daAuts
